 Dungeon Sprint DCSS version 0.03.2.1-60-gf6a17aa475 (webtiles) character file.

Game seed: 8963084210063891533, levelgen mode: deterministic

1277 esc the Markscentaur (level 8, -17/84 (85) HPs) Centaur Hunter. Began on Feb 6, 2021. Was an Initiate of Gozag Ym Sagoz. Shot with a bolt by a yaktaur (18 damage) ... in the Dungeon (Sprint II: "The Violet Keep of Menkaure"). The game lasted 00:04:01 (646 turns).

esc the Markscentaur (Centaur Hunter)                Turns: 646, Time: 00:04:03

HP:   -17/84 (85)   AC: 13    Str: 15    XL:     8 ^: 973
MP:   8/8           EV:  5    Int: 10    God:    Gozag Ym Sagoz
Gold: 729           SH:  0    Dex: 10    Spells: 7/7 levels left

rFire    . . .     Vision   .   a - +1 shortbow
rCold    . . .     Gourm    .   (also wielding the above weapon)
rNeg     . . .     Faith    .   c - +0 leather armour
rPois    .         Spirit   .   (no helmet)
rElec    .         Reflect  .   (no cloak)
rCorr    .         Harm     .   (no gloves)
MR       .....     NoTele   +   (no barding)
Stlth    +.........             (no amulet)
HPRegen  0.38/turn              (no ring)
MPRegen  0.18/turn              (no ring)

@: lethally poisoned (-17 -> -19), petrifying, very slightly contaminated
A: large, hooves 3, clumsy 1, deformed body, speed 2, tough skin 3
a: Potion Petition, Call Merchant, Bribe Branch, Renounce Religion


You were in the Dungeon.
You worshipped Gozag Ym Sagoz.
Gozag Ym Sagoz was pleased with you.
You were not hungry.

You visited 1 branch You collected 729 gold pieces.

Inventory:

Weapons
 a - a +1 shortbow (weapon)
 b - a +0 short sword
Armour
 c - a +0 leather armour (worn)
Wands
 f - a wand of polymorph (1)
Potions
 e - a potion of curing
 h - 2 potions of magic
 i - a potion of berserk rage
Comestibles
 d - a ration
 g - 2 chunks of flesh


   Skills:
 + Level 12.6 Fighting
 + Level 16.8 Bows
 - Level 1.3 Dodging
 - Level 0.4 Stealth


You had 7 spell levels left.
You didn't know any spells.
Your spell library was empty.

Dungeon Overview and Level Annotations

Branches:
Dungeon (1/1)

Altars:
Cheibriados
Dithmenos
Elyvilon
Fedhas Madash
Gozag Ym Sagoz
Hepliaklqana
Kikubaaqudgha
Makhleb
Nemelex Xobeh
Okawaru
Qazlal
Ru
Sif Muna
Trog
Uskayaw
Vehumet
Wu Jian
Xom
Yredelemnul
Zin
The Shining One
Beogh
Jiyva
Lugonu

Shops:
D ::?}(=!!}:}([=[%

Annotations:
D exclusion: oklob plant


Innate Abilities, Weirdness & Mutations

You have hooves in place of feet.
Armour fits poorly on your strangely shaped body.
You cover ground very quickly.
You have extremely tough skin. (AC +3)
You are clumsy. (Dex -2)


Message History

The bolt closely misses the hornet (0).
The hornet stings you (11)!
* * * LOW HITPOINT WARNING * * *
The polar bear bites you (2).
* * * LOW HITPOINT WARNING * * *
The polar bear claws you but does no damage.
The polar bear claws you (1).
* * * LOW HITPOINT WARNING * * *
The polar bear bites you but does no damage.
The polar bear claws you but does no damage. x2
Your limbs are stiffening.
Unknown command.
Blink to where?
Press: ? - help, Dir - move target cursor, p - polar bear You are very lightly contaminated with residual magic.
As you read the scroll of blinking, it crumbles to dust.
* * * LOW HITPOINT WARNING * * *
You feel sick. (1)
The yaktaur shoots a bolt.
The bolt bug you (18)!!
You die...
Your body crumbles into a pile of gold. ○§°°°°°# +++#+++## .^ .÷§.....# .. $ $ .##+##..# $ #. $ $$ ##...# .####$ .### $ #.##..# ...# ...# ##.######..## #..# $# !)$$!

###†###.##..#$ +..# .#▓![$%?$$
.##.##...#..# $#@.# .#▓$!?$]$$
#'.<.'.#.'..####..##.#▓?))$]%?
.##.##.).#....###...##▓▓▓▓▓▓▓+
###'###.##......≈≈≈≈≈≈≈≈≈≈≈≈≈
##...####≈≈.....≈#'########+###
#..#..#≈≈≈≈≈≈≈§.≈#c_._._..#≈≈≈#
##.#.##§≈≈≈≈§§≈.≈#.yh._._.#§≈§§#
≈##'##≈≈≈≈≈§≈≈≈≈≈#.hh_._._#t≈§§§
≈≈≈≈≈≈≈≈≈≈≈≈§§§≈≈#_._._._.#t§§§§


You could see 3 polar bears, a yaktaur and a hornet.

Vanquished Creatures
  A merfolk siren (D)
  2 neqoxecs (D)
  Menkaure (D)
  4 necrophages (D)
  3 worms (D)
11 creatures vanquished.

Vanquished Creatures (others)
  2 neqoxecs (D)
  A crocodile (D)
3 creatures vanquished.

Grand Total: 14 creatures vanquished

Notes
Turn   | Place    | Note
-------+----------+-------------------------------------------
     0 | D        | esc the Centaur Hunter began the quest for the Orb.
     0 | D        | Reached XP level 1. HP: 17/17 MP: 1/1
     7 | D        | Reached skill level 7 in Bows
     8 | D        | Reached XP level 2. HP: 25/25 MP: 2/2
     9 | D        | Reached skill level 8 in Bows
    27 | D        | Noticed a neqoxec
    27 | D        | Noticed a neqoxec
    30 | D        | Killed a crocodile
    46 | D        | Killed a neqoxec
    46 | D        | Reached skill level 11 in Bows
    46 | D        | Reached XP level 3. HP: 11/39 MP: 3/3
    46 | D        | Reached XP level 4. HP: 14/47 MP: 4/4
    46 | D        | Reached XP level 5. HP: 15/52 MP: 5/5
    60 | D        | Gained mutation: You are clumsy. (Dex -2) [a neqoxec]
    69 | D        | Killed a neqoxec
    69 | D        | Reached skill level 13 in Bows
    69 | D        | Reached XP level 6. HP: 25/63 MP: 6/6
   182 | D        | Killed a neqoxec
   204 | D        | Noticed an ice statue
   210 | D        | Noticed Menkaure
   212 | D        | Killed Menkaure
   212 | D        | Reached skill level 10 in Fighting
   212 | D        | Reached skill level 14 in Bows
   287 | D        | Killed a neqoxec
   451 | D        | Noticed a merfolk siren
   454 | D        | Killed a merfolk siren
   454 | D        | Reached skill level 15 in Bows
   454 | D        | Reached XP level 7. HP: 75/75 MP: 7/7
   508 | D        | Reached skill level 16 in Bows
   511 | D        | Reached XP level 8. HP: 83/83 MP: 8/8
   548 | D        | Noticed an orange crystal statue
   560 | D        | Found Toni's Food Shop.
   560 | D        | Found Qakisat's Antique Armour Boutique.
   560 | D        | Found Ivehob's Antique Armour Boutique.
   560 | D        | Found Etobager's Antique Weapon Shop.
   561 | D        | Found Atriu's Gadget Shop.
   561 | D        | Found Pirchale Ydiy's Book Boutique.
   561 | D        | Found Heutsile's Gadget Shop.
   561 | D        | Found Xegut's Distillery.
   562 | D        | Found Ledd's Jewellery Boutique.
   562 | D        | Found Qatrev Jank's Antique Weapon Shop.
   562 | D        | Noticed a polar bear
   563 | D        | Found Icimiusa's Jewellery Shop.
   563 | D        | Found Uwumuera's Distillery.
   564 | D        | Found Erchextatuck's Gadget Boutique.
   564 | D        | Found Fevima Wiet's Magic Scroll Shop.
   564 | D        | Noticed an oklob plant
   565 | D        | Found Xyelal's Book Shoppe.
   565 | D        | Found Zeliygg's Book Boutique.
   567 | D        | Noticed a polar bear
   567 | D        | Noticed an iron elemental
   589 | D        | Found a glowing silver altar of Zin.
   590 | D        | Found a glowing golden altar of the Shining One.
   590 | D        | Found a basalt altar of Yredelemnul.
   590 | D        | Found a hide-covered altar of Uskayaw.
   591 | D        | Found a shimmering altar of Xom.
   591 | D        | Found a bloodstained altar of Trog.
   592 | D        | Found an ornate altar of the Wu Jian Council.
   592 | D        | Found a shimmering blue altar of Sif Muna.
   592 | D        | Found a corrupted altar of Lugonu.
   592 | D        | Found a radiant altar of Vehumet.
   592 | D        | Found a burning altar of Makhleb.
   593 | D        | Found a sacrificial altar of Ru.
   593 | D        | Found an ancient bone altar of Kikubaaqudgha.
   593 | D        | Found a white marble altar of Elyvilon.
   594 | D        | Found a stormy altar of Qazlal.
   594 | D        | Found a viscous altar of Jiyva.
   594 | D        | Found a shadowy altar of Dithmenos.
   595 | D        | Found a hazy altar of Hepliaklqana.
   595 | D        | Found a snail-covered altar of Cheibriados.
   597 | D        | Found a roughly hewn altar of Beogh.
   597 | D        | Found a sparkling altar of Nemelex Xobeh.
   597 | D        | Found a blossoming altar of Fedhas.
   597 | D        | Noticed a hornet
   597 | D        | Noticed a polar bear
   598 | D        | Found an opulent altar of Gozag.
   598 | D        | Found an iron altar of Okawaru.
   598 | D        | Noticed a yaktaur
   598 | D        | Noticed a polar bear
   600 | D        | Noticed a polar bear
   607 | D        | Became a worshipper of Gozag Ym Sagoz the Greedy
   645 | D        | HP: 4/84 [hornet (11)]
   645 | D        | HP: 1/84 [polar bear (1)]
   646 | D        | Shot with a bolt by a yaktaur

Levels and vault maps discovered:
D:        the_violet_keep_of_menkaure [sprint2_stairs_cluster_1,
          sprint2_shoproom, sprint2_temple, sprint2_basic_supplies,
          sprint2_obstacle_4, sprint2_obstacle_5, sprint2_obstacle_2,
          sprint2_obstacle_1, sprint2_obstacle_3, sprint2_timed_cluster_1,
          sprint2_smallroom_cluster_1, sprint2_smallroom_final_cluster_1,
          sprint2_transparent_cluster_1, sprint2_second_timed_cluster_1,
          sprint2_sniper_area_1, sprint2_heavy_combat_area_1,
          sprint2_mutation_trap_area_1, sprint2_forest_area_1,
          sprint2_light_combat_area_1, sprint2_behind_water_1,
          sprint2_near_end_vault_1]

Skill      XL: |  1  2  3  4  5  6  7 |
---------------+----------------------+-----
Bows           | 7 11 13 15 16 | 16.8
Fighting       | 7 9 11 12 | 12.6
Dodging        | |  1.3
Stealth        | |  0.4

Action                   |  1- 3 |  4- 6 |  7- 9 || total
-------------------------+-------+-------+-------++-------
 Fire: Shortbow          |    22 |    26 |    30 ||    78
  Use: Potion            |     1 |     1 |       ||     2
       Scroll            |       |       |     1 ||     1
Armor: Leather armour    |     1 |     5 |    10 ||    16
Dodge: Dodged            |       |     1 |     6 ||     7
